ORI
UNIVERSITY OF MIAMI HURRICANES @ ARIZONA STATE UNIVERSITY SUN DEVILS
09/29/2047
 
TOP OF THE 1ST
University of Miami Hurricanes batting - Pitching for Arizona State University Sun Devils : RHP Jon Allen
Pitching: RHP Jon Allen
Batting: RHB C.J. Fleet 0-0: Ball
1-0: Swinging Strike
1-1: Foul Ball, location: 2F
1-2: Foul Ball, location: 2F
1-2: Ball
2-2: Ground out 5-3 (Groundball, 56, EV 101.9 MPH)
Batting: SHB Taylor Shelton 0-0: Called Strike
0-1: Ball
1-1: Ball
2-1: Ball
3-1: Called Strike
3-2: Ground out U3 (Groundball, 34S, EV 86.9 MPH)
Batting: LHB Addergoole Kartosuwiryo 0-0: Called Strike
0-1: Ball
1-1: Foul Ball, location: 2F
1-2: Strikes out swinging
Top of the 1st over - 0 runs, 0 hits, 0 errors, 0 left on base; University of Miami 0 - Arizona State University 0
BOTTOM OF THE 1ST
Arizona State University Sun Devils batting - Pitching for University of Miami Hurricanes : RHP Raymilson La Arena
Pitching: RHP Raymilson La Arena
Batting: RHB Rusty Gee 0-0: Foul Ball, location: 2F
0-1: Ground out 5-3 (Groundball, 56, EV 97.5 MPH)
Batting: LHB Timon Giorgiou 0-0: Ball
1-0: Called Strike
1-1: Foul Ball, location: 2F
1-2: Strikes out swinging
Batting: LHB Randy Marquez 0-0: Ground out 4-3 (Groundball, 4, EV 88.1 MPH)
Bottom of the 1st over - 0 runs, 0 hits, 0 errors, 0 left on base; University of Miami 0 - Arizona State University 0
TOP OF THE 2ND
University of Miami Hurricanes batting - Pitching for Arizona State University Sun Devils : RHP Jon Allen
Batting: RHB Chris Zubia 0-0: Foul Ball, location: 2F
0-1: Called Strike
0-2: Strikes out looking
Batting: LHB Dennis Jones 0-0: Ball
1-0: Foul Ball, location: 2F
1-1: Foul Ball, location: 2F
1-2: Strikes out swinging
Batting: RHB Sam Costello 0-0: Called Strike
0-1: SINGLE (Groundball, 56D, EV 98.1 MPH)
Batting: LHB Jose Lopez 0-0: Ball
Pickoff Throw to First - Out! 1-3
Top of the 2nd over - 0 runs, 1 hit, 0 errors, 0 left on base; University of Miami 0 - Arizona State University 0
BOTTOM OF THE 2ND
Arizona State University Sun Devils batting - Pitching for University of Miami Hurricanes : RHP Raymilson La Arena
Batting: LHB Dustin Gill 0-0: Fly out, F8 (Flyball, 8RD, EV 104.4 MPH)
Batting: LHB Burraga Iukini 0-0: Called Strike
0-1: Ball
1-1: Swinging Strike
1-2: Strikes out swinging
Batting: RHB Jun-hyuk Leem 0-0: Ball
1-0: Foul Ball, location: 2F
1-1: Called Strike
1-2: Ball
2-2: Ball
3-2: Foul Ball, location: 2F
3-2: Strikes out swinging
Bottom of the 2nd over - 0 runs, 0 hits, 0 errors, 0 left on base; University of Miami 0 - Arizona State University 0
TOP OF THE 3RD
University of Miami Hurricanes batting - Pitching for Arizona State University Sun Devils : RHP Jon Allen
Batting: LHB Jose Lopez 0-0: Ball
1-0: Ground out 4-3 (Groundball, 4, EV 106.9 MPH)
Batting: RHB Justin Jackson 0-0: SINGLE (Groundball, 6D, EV 96.2 MPH)
Batting: LHB Juan Zuniga 0-0: Called Strike
0-1: Fielders Choice at 2nd, 6-4 (Groundball, 6, EV 104.4 MPH)
Batting: RHB C.J. Fleet 0-0: Called Strike
Juan Zuniga steals 2nd base
0-1: Ball
1-1: Called Strike
1-2: Foul Ball, location: 2F
1-2: Ball
2-2: Foul Ball, location: 2F
2-2: Foul Ball, location: 2F
2-2: Ground out 6-3 (Groundball, 6M, EV 89.4 MPH)
Top of the 3rd over - 0 runs, 1 hit, 0 errors, 1 left on base; University of Miami 0 - Arizona State University 0
BOTTOM OF THE 3RD
Arizona State University Sun Devils batting - Pitching for University of Miami Hurricanes : RHP Raymilson La Arena
Batting: RHB Carl Evans 0-0: Called Strike
0-1: Foul Ball, location: 2F
0-2: Ball
1-2: Strikes out swinging
Batting: RHB David Krebs 0-0: Ball
1-0: Called Strike
1-1: Foul Ball, location: 2F
1-2: Strikes out swinging
Batting: RHB Stephen Wheeler 0-0: Called Strike
0-1: Ball
1-1: DOUBLE (Line Drive, 89D, EV 100.6 MPH)
Batting: RHB Rusty Gee 0-0: Ball
1-0: Ball
2-0: Swinging Strike
2-1: Ball
3-1: Foul Ball, location: 2F
3-2: Strikes out looking
Bottom of the 3rd over - 0 runs, 1 hit, 0 errors, 1 left on base; University of Miami 0 - Arizona State University 0
TOP OF THE 4TH
University of Miami Hurricanes batting - Pitching for Arizona State University Sun Devils : RHP Jon Allen
Batting: SHB Taylor Shelton 0-0: Called Strike
0-1: Foul Ball, location: 2F
0-2: Ball
1-2: Ball
2-2: SINGLE (Groundball, 6S, EV 69.4 MPH) (infield hit)
Batting: LHB Addergoole Kartosuwiryo 0-0: Ball
1-0: Ball
2-0: Ball
3-0: Called Strike
3-1: Base on Balls
Taylor Shelton to second
Batting: RHB Chris Zubia 0-0: Foul Ball, location: 2F
0-1: Foul Ball, location: 2F
0-2: Ball
1-2: Foul Ball, location: 2F
1-2: Ball
2-2: Foul Ball, location: 2F
2-2: Foul Ball, location: 2F
2-2: SINGLE (Flyball, 3D, EV 93.8 MPH)
Taylor Shelton to third
Addergoole Kartosuwiryo to second
Batting: LHB Dennis Jones 0-0: Called Strike
0-1: Ball
1-1: Foul Ball, location: 2F
1-2: Ball
2-2: Ball
3-2: Fly out, F8 (Flyball, 89S, EV 88.8 MPH)
Batting: RHB Sam Costello 0-0: Called Strike
0-1: Ball
1-1: Ball
2-1: Swinging Strike
2-2: Foul Ball, location: 2F
2-2: Foul Ball, location: 2F
2-2: Strikes out swinging
Batting: LHB Jose Lopez 0-0: Ball
1-0: Ball
2-0: Ball
3-0: Base on Balls
Taylor Shelton scores
Addergoole Kartosuwiryo to third
Chris Zubia to second
Batting: RHB Justin Jackson 0-0: Foul Ball, location: 2F
0-1: Ball
1-1: Swinging Strike
1-2: Strikes out swinging
Top of the 4th over - 1 run, 2 hits, 0 errors, 3 left on base; University of Miami 1 - Arizona State University 0
BOTTOM OF THE 4TH
Arizona State University Sun Devils batting - Pitching for University of Miami Hurricanes : RHP Raymilson La Arena
Batting: LHB Timon Giorgiou 0-0: Ball
1-0: Ball
2-0: Called Strike
2-1: Foul Ball, location: 2F
2-2: Strikes out swinging
Batting: LHB Randy Marquez 0-0: Fly out, F7 (Flyball, 7, EV 88.8 MPH)
Batting: LHB Dustin Gill 0-0: Called Strike
0-1: Foul Ball, location: 2F
0-2: Ball
1-2: Strikes out swinging
Bottom of the 4th over - 0 runs, 0 hits, 0 errors, 0 left on base; University of Miami 1 - Arizona State University 0
TOP OF THE 5TH
University of Miami Hurricanes batting - Pitching for Arizona State University Sun Devils : RHP Jon Allen
Pitching: RHP Georges Pruvost
Batting: LHB Juan Zuniga 0-0: Foul Ball, location: 2F
0-1: Foul Ball, location: 2F
0-2: Strikes out swinging
Batting: RHB C.J. Fleet 0-0: Ball
1-0: SINGLE (Groundball, 6MD, EV 97.5 MPH)
Batting: SHB Taylor Shelton 0-0: Ball
1-0: Ball
2-0: Swinging Strike
2-1: Foul Ball, location: 2F
2-2: Foul Ball, location: 2F
2-2: Foul Ball, location: 2F
2-2: Ball
Wild Pitch!
C.J. Fleet to second
3-2: Reached via error on a dropped throw from 1B, E1 (Groundball, 34, EV 85.0 MPH)
C.J. Fleet to third
Batting: LHB Addergoole Kartosuwiryo 0-0: Called Strike
Taylor Shelton steals 2nd base
0-1: Foul Ball, location: 2F
0-2: Strikes out swinging
Batting: RHB Chris Zubia 0-0: Ball
Wild Pitch!
C.J. Fleet scores
Taylor Shelton to third
1-0: Ball
2-0: Ball
3-0: Base on Balls
Batting: LHB Dennis Jones 0-0: Called Strike
0-1: Ball
1-1: Foul Ball, location: 2F
1-2: Ground out 5-3 (Groundball, 15, EV 83.1 MPH)
Top of the 5th over - 1 run, 1 hit, 1 error, 2 left on base; University of Miami 2 - Arizona State University 0
BOTTOM OF THE 5TH
Arizona State University Sun Devils batting - Pitching for University of Miami Hurricanes : RHP Raymilson La Arena
Batting: LHB Burraga Iukini 0-0: Fly out, F9 (Flyball, 9D, EV 91.2 MPH)
Batting: RHB Jun-hyuk Leem 0-0: Called Strike
0-1: Ball
1-1: Ground out 6-3 (Groundball, 56, EV 106.9 MPH)
Batting: RHB Carl Evans 0-0: Ball
1-0: Fly out, F7 (Flyball, 7S, EV 90.6 MPH)
Bottom of the 5th over - 0 runs, 0 hits, 0 errors, 0 left on base; University of Miami 2 - Arizona State University 0
TOP OF THE 6TH
University of Miami Hurricanes batting - Pitching for Arizona State University Sun Devils : RHP Georges Pruvost
Batting: RHB Sam Costello 0-0: Swinging Strike
0-1: Foul Ball, location: 2F
0-2: Ball
1-2: Strikes out swinging
Batting: LHB Jose Lopez 0-0: Ground out U3 (Groundball, 34, EV 87.5 MPH)
Batting: RHB Justin Jackson 0-0: Called Strike
0-1: Ball
1-1: Ball
2-1: Ball
3-1: Foul Ball, location: 2F
3-2: Strikes out swinging
Top of the 6th over - 0 runs, 0 hits, 0 errors, 0 left on base; University of Miami 2 - Arizona State University 0
BOTTOM OF THE 6TH
Arizona State University Sun Devils batting - Pitching for University of Miami Hurricanes : RHP Raymilson La Arena
Batting: RHB David Krebs 0-0: Ball
1-0: Swinging Strike
1-1: Ball
2-1: Foul Ball, location: 7LSF, Error on foul ball, E7
2-2: SINGLE (Line Drive, 89S, EV 100.0 MPH)
Batting: RHB Stephen Wheeler 0-0: Foul Ball, location: 2F
0-1: Foul Ball, location: 2F
0-2: Foul Ball, location: 2F
0-2: Strikes out looking
Batting: RHB Rusty Gee 0-0: Ball
David Krebs is caught stealing 2nd base 2-4
1-0: Ball
2-0: Foul Ball, location: 2F
2-1: SOLO HOME RUN (Flyball, 7D, EV 92.5 MPH), Distance : 347 ft
Batting: LHB Timon Giorgiou 0-0: Called Strike
0-1: Foul Ball, location: 2F
0-2: Ball
1-2: Strikes out swinging, 2-3 out at first.
Bottom of the 6th over - 1 run, 2 hits, 1 error, 0 left on base; University of Miami 2 - Arizona State University 1
TOP OF THE 7TH
University of Miami Hurricanes batting - Pitching for Arizona State University Sun Devils : RHP Georges Pruvost
Pitching: LHP Jeremiah Brown
Batting: LHB Juan Zuniga 0-0: Called Strike
0-1: Ground out 5-3 (Groundball, 56S, EV 73.8 MPH)
Batting: RHB C.J. Fleet 0-0: Called Strike
0-1: Ball
1-1: Foul Ball, location: 2F
1-2: Strikes out looking
Batting: SHB Taylor Shelton 0-0: Ball
1-0: Foul Ball, location: 2F
1-1: Called Strike
1-2: Foul Ball, location: 2F
1-2: Ball
2-2: Ball
3-2: TRIPLE (Line Drive, 89XD, EV 107.5 MPH)
Batting: LHB Addergoole Kartosuwiryo 0-0: Called Strike
0-1: DOUBLE (Line Drive, 78M, EV 111.2 MPH)
Taylor Shelton scores
Batting: RHB Chris Zubia 0-0: Called Strike
0-1: Called Strike
0-2: Ball
1-2: Strikes out looking
Top of the 7th over - 1 run, 2 hits, 0 errors, 1 left on base; University of Miami 3 - Arizona State University 1
BOTTOM OF THE 7TH
Arizona State University Sun Devils batting - Pitching for University of Miami Hurricanes : RHP Raymilson La Arena
Batting: LHB Randy Marquez 0-0: Ball
1-0: Foul Ball, location: 2F
1-1: Called Strike
1-2: Ground out U3 (Groundball, 3L, EV 89.4 MPH)
Batting: LHB Dustin Gill 0-0: Swinging Strike
0-1: Ball
1-1: Ball
2-1: Called Strike
2-2: Strikes out swinging
Batting: LHB Burraga Iukini 0-0: Called Strike
0-1: Ball
1-1: Ball
2-1: Foul Ball, location: 2F
2-2: Ball
3-2: SINGLE (Groundball, 4MD, EV 101.2 MPH)
Pitching: RHP Wakina Olopoto
Batting: RHB Jun-hyuk Leem 0-0: Ball
1-0: Ball
2-0: Called Strike
2-1: Fly out, F7 (Flyball, 7, EV 90.6 MPH)
Bottom of the 7th over - 0 runs, 1 hit, 0 errors, 1 left on base; University of Miami 3 - Arizona State University 1
TOP OF THE 8TH
University of Miami Hurricanes batting - Pitching for Arizona State University Sun Devils : LHP Jeremiah Brown
Batting: LHB Dennis Jones 0-0: Ball
1-0: Foul Ball, location: 2F
1-1: Ball
2-1: Called Strike
2-2: Ball
3-2: SOLO HOME RUN (Flyball, 9D, EV 97.5 MPH), Distance : 365 ft
Batting: RHB Sam Costello 0-0: Ball
1-0: Foul Ball, location: 2F
1-1: Foul Ball, location: 2F
1-2: Ground out 5-3 (Groundball, 56S, EV 88.8 MPH)
Batting: LHB Jose Lopez 0-0: Foul Ball, location: 2F
0-1: Called Strike
0-2: Ball
1-2: Ground out 4-3 (Groundball, 4, EV 109.4 MPH)
Batting: RHB Justin Jackson 0-0: Ball
1-0: Ball
2-0: Ball
3-0: Base on Balls
Batting: LHB Juan Zuniga 0-0: Called Strike
0-1: Fielders Choice at 2nd, 5-4 (Groundball, 56, EV 82.5 MPH)
Top of the 8th over - 1 run, 1 hit, 0 errors, 1 left on base; University of Miami 4 - Arizona State University 1
BOTTOM OF THE 8TH
Arizona State University Sun Devils batting - Pitching for University of Miami Hurricanes : RHP Wakina Olopoto
Batting: RHB Carl Evans 0-0: Foul Ball, location: 2F
0-1: Called Strike
0-2: Fly out, F5 (Line Drive, 5L, EV 71.2 MPH)
Batting: RHB David Krebs 0-0: Ball
1-0: Ground out 3-1 (Groundball, 34, EV 93.1 MPH)
Batting: RHB Stephen Wheeler 0-0: Ball
1-0: Ball
2-0: Called Strike
2-1: Ball
3-1: Base on Balls
Batting: RHB Rusty Gee 0-0: Fielders Choice at 2nd, 5-4 (Groundball, 56, EV 83.8 MPH)
Bottom of the 8th over - 0 runs, 0 hits, 0 errors, 1 left on base; University of Miami 4 - Arizona State University 1
TOP OF THE 9TH
University of Miami Hurricanes batting - Pitching for Arizona State University Sun Devils : LHP Jeremiah Brown
Pitching: LHP Nick Segar
Pinch Hitting: RHB Burke Miller 0-0: Ball
1-0: Ball
2-0: Foul Ball, location: 2F
2-1: Ball
3-1: Foul Ball, location: 2F
3-2: Base on Balls
Batting: SHB Taylor Shelton 0-0: Ball
1-0: Bunted foul
1-1: Ball
2-1: Bunt missed!
2-2: Foul Ball, location: 2F
2-2: Ball
3-2: Fly out, F8 (Flyball, 8RXD, EV 91.2 MPH)
Batting: LHB Addergoole Kartosuwiryo 0-0: Called Strike
0-1: Ball
1-1: Ball
2-1: Foul Ball, location: 2F
2-2: SINGLE (Line Drive, 9LS, EV 90.6 MPH)
Burke Miller to second
Runner from 2nd tries for 3rd, OUT! 9-5
Batting: RHB Chris Zubia 0-0: Ball
1-0: Called Strike
1-1: Ground out 2-3 (Groundball, 2R, EV 66.2 MPH)
Top of the 9th over - 0 runs, 1 hit, 0 errors, 1 left on base; University of Miami 4 - Arizona State University 1
BOTTOM OF THE 9TH
Arizona State University Sun Devils batting - Pitching for University of Miami Hurricanes : RHP Wakina Olopoto
Pitching: RHP Artemio Santiago
Now at SS: Tu Vo
Pinch Hitting: RHB Kawenaula Kapali 0-0: Called Strike
0-1: Foul Ball, location: 2F
0-2: Strikes out looking
Batting: LHB Randy Marquez 0-0: Ground out 4-3 (Groundball, 4M, EV 81.9 MPH)
Batting: LHB Dustin Gill 0-0: Ball
1-0: Ground out 4-3 (Groundball, 4M, EV 79.4 MPH)
Bottom of the 9th over - 0 runs, 0 hits, 0 errors, 0 left on base; University of Miami 4 - Arizona State University 1
Thursday, December 15th , 2022 - OOTP Baseball 23.9 Build 102